cohdb
Replays
Latest Replays
All Replays
Popular Replays
Top Player Replays
Match Explorer
How It Works
Community
CoH3 Stats
Reddit
Sign in to upload your games and track your stats! →
Sign in with Steam
aus v terror
Match 40421692
Overview
Messages
Build Orders
End
Pioneer Squad
Construct Infanterie Kompanie
Selects Terror Battlegroup
Selects Machine Gun Camouflage
Kettenkrad Recon Vehicle
MG 42 Machine Gun Team
MG 42 Machine Gun Team
Grenadier Squad
Selects Interrogate
Construct Luftwaffe Kompanie
221 Scout Car
Jäger Squad
Jäger Squad
Medical Bunker
Support Elements
Selects Propaganda Leaflet Drop
Wirbelwind Flakpanzer
MG 42 Machine Gun Team
Jäger Squad
Selects No Quarter
MG 42 Machine Gun Team
Marder III M Tank Destroyer
Jäger Squad
Jäger Squad
Construct Panzer Kompanie
Marder III M Tank Destroyer
Propaganda Leaflet Drop
Construct Infanterie Kompanie
Stana
sierrakiloechonovembergolf
0
0
Comments
sign in to comment!
No comments posted yet!